 Dungeon Crawl Stone Soup version 0.29-a0-841-g116ddc6ace (webtiles) character file.

Game seed: 6014243869984819560

22131 lesbiats the Thaumaturge (level 12, -7/104 HPs)
             Began as a White Draconian Conjurer on July 13, 2022.
             Was a Believer of Vehumet.
             Mangled by Snorg (19 damage)
             ... on level 4 of the Lair of Beasts on July 14, 2022.
             The game lasted 02:10:29 (18256 turns).

lesbiats the Thaumaturge (DrCj)                    Turns: 18256, Time: 02:10:29

Health: -7/104     AC: 12    Str: 11    XL:     12   Next: 60%
Magic:  1/34       EV: 14    Int: 34    God:    Vehumet [**....]
Gold:   483        SH:  0    Dex: 10    Spells: 1/30 levels left

rFire   . . .      SeeInvis +   a - +4 war axe of the Demagogue {vamp, Int+6 SInv}
rCold   + . .      Faith    .   (no shield)
rNeg    . . .      Spirit   .   (body armour unavailable)
rPois   .          Reflect  .   (helmet restricted)
rElec   .          Harm     .   f - +0 cloak
rCorr   .          Rampage  .   c - +0 pair of gloves
Will    .....                   h - +1 pair of boots
Stlth   ++........              (no amulet)
HPRegen 0.27/turn               K - +6 ring of intelligence
MPRegen 0.24/turn               l - ring of magical power

@: studying Transmutations
A: breathe frost, AC +8, unfitting armour, cold resistance 1, cold-blooded
a: Breathe Frost, Renounce Religion


You were on level 4 of the Lair of Beasts.
You worshipped Vehumet.
Vehumet was pleased with you.
You visited 3 branches of the dungeon, and saw 13 of its levels.
You also visited: Sewer and Ossuary.

You collected 645 gold pieces.
You spent 162 gold pieces at shops.

Inventory:

Hand Weapons
 a - the +4 war axe of the Demagogue (weapon) {vamp, Int+6 SInv}
   (You took it off a kobold on level 2 of the Dungeon)

   It occasionally heals its wielder for a portion of the damage dealt when it
   wounds a living foe.
   Int:       It affects your intelligence (+6).
   SInv:      It lets you see invisible.
 b - the +6 dagger of Ufua {holy, rCorr}
   (You found it on level 3 of the Lair of Beasts)

   It has been blessed by the Shining One to cause great damage to the undead
   and demons.
   rCorr:     It protects you from acid and corrosion.
Missiles
 u - 17 javelins
 G - 10 poisoned darts
 M - 3 silver boomerangs
 P - 5 silver javelins
Armour
 c - a +0 pair of gloves (worn)
 f - a +0 cloak (worn)
 h - a +1 pair of boots (worn)
Jewellery
 l - a ring of magical power (right hand)
 H - a +6 ring of intelligence
 K - a +6 ring of intelligence (left hand)
 L - a ring of fire
Wands
 r - a wand of flame (56)
 x - a wand of roots (29)
 C - a wand of paralysis (15)
 J - a wand of polymorph (10)
 N - a wand of acid (9)
Scrolls
 e - 2 scrolls of teleportation
 g - 7 scrolls of fog
 n - 3 scrolls of vulnerability
 o - 2 scrolls of enchant armour
 p - a scroll of amnesia
 w - a scroll of immolation {unknown}
 z - 2 scrolls of noise {unknown}
 D - 3 scrolls of summoning
 I - 2 scrolls of fear {unknown}
 O - a scroll of enchant weapon {unknown}
 Q - a scroll of poison {unknown}
 R - a scroll of blinking
 T - a scroll of silence {unknown}
Potions
 d - a potion of berserk rage
 i - 5 potions of brilliance
 j - 2 potions of flight
 k - a potion of invisibility
 m - 2 potions of heal wounds
 q - 3 potions of haste
 s - 2 potions of mutation
 t - 2 potions of might {unknown}
 v - 5 potions of attraction
 y - 6 potions of curing
 A - 6 potions of ambrosia
 B - 3 potions of cancellation
 E - 2 potions of degeneration {unknown}
 F - 3 potions of resistance
 S - a potion of lignification {unknown}


   Skills:
 + Level 9.1 Fighting
 + Level 6.9 Axes
 + Level 7.0 Dodging
 - Level 1.7 Stealth
 + Level 9.8 Spellcasting
 - Level 8.5 Conjurations
 - Level 2.1 Hexes
 + Level 7.2 Summonings
 - Level 6.6 Translocations
 * Level 3.8 Transmutations
 - Level 2.0 Fire Magic


You had one spell level left.
You knew the following spells:

 Your Spells              Type           Power      Damage    Failure   Level
a - Magic Dart            Conj           100%       1d8       1%          1
b - Searing Ray           Conj           100%       2d8       1%          2
c - Foxfire               Conj/Fire      100%       2x1d9     1%          1
d - Iskenderun's Mystic   Conj/Tloc      62%        2d13      1%          4
e - Fulminant Prism       Conj/Hex       26%        3d14      3%          4
f - Dazzling Flash        Conj/Hex       100%       N/A       1%          3
g - Blink                 Tloc           100%       N/A       1%          2
h - Ozocubu's Armour      Ice            16%        N/A       9%          3
i - Flame Wave            Conj/Fire      52%        2d11      3%          4
j - Manifold Assault      Tloc           58%        N/A       4%          5

Your spell library contained the following spells:

 Spells                   Type           Power      Damage    Failure   Level
 Ignite Poison            Fire/Tmut/Pois 30%        N/A       3%          3
 Slow                     Hex            100%       N/A       1%          1
 Sting                    Tmut/Pois      100%       1d8       1%          1
 Scorch                   Fire           60%        2d8       1%          2
 Wereblood                Tmut           42%        N/A       1%          2
 Call Canine Familiar     Summ           60%        N/A       1%          3
 Conjure Flame            Conj/Fire      52%        6-21      1%          3
 Gell's Gravitas          Tloc           58%        N/A       1%          3
 Lesser Beckoning         Tloc           58%        N/A       1%          3
 Portal Projectile        Hex/Tloc       92%        N/A       1%          3
 Teleport Other           Tloc           58%        N/A       1%          3
 Confusing Touch          Hex            31%        N/A       3%          3
 Inner Flame              Hex/Fire       30%        N/A       3%          3
 Poisonous Vapours        Pois/Air       32%        N/A       4%          2
 Sublimation of Blood     Necr           16%        N/A       4%          2
 Petrify                  Tmut/Erth      29%        N/A       12%         4
 Leda's Liquefaction      Hex/Erth       11%        N/A       17%         4
 Yara's Violent Unravell  Hex/Tmut       18%        3d9       22%         5
 Olgreb's Toxic Radiance  Pois           16%        N/A       26%         4
 Dispersal                Tloc           29%        N/A       26%         6
 Metabolic Englaciation   Hex/Ice        11%        N/A       43%         5
 Starburst                Conj/Fire      26%        6d8       43%         6
 Summon Hydra             Summ           30%        N/A       75%         7
 Statue Form              Tmut/Erth      19%        N/A       88%         6
 Simulacrum               Ice/Necr       8%         N/A       99%         6
 Enfeeble                 Hex            15%        N/A       100%        7
 Ozocubu's Refrigeration  Ice            8%         4d6       100%        7


Dungeon Overview and Level Annotations

Branches:
Dungeon (8/15)             Temple (1/1) D:7            Lair (4/6) D:8
 Shoals (0/4) Lair:2       Spider (0/4) Lair:3        Sewer (visited)
Ossuary (visited)

Altars:
Ashenzari
Cheibriados
Dithmenos
Elyvilon
Fedhas
Gozag
Hepliaklqana
Makhleb
Nemelex Xobeh
Okawaru
Qazlal
Ru
Sif Muna
Trog
Uskayaw
Vehumet
Wu Jian
Xom
Yredelemnul
Zin
The Shining One

Shops:
D:1 (   D:6 ?=   D:8 *

Annotations:
Lair:4 Snorg


Innate Abilities, Weirdness & Mutations

You can breathe waves of freezing cold which knock back foes.
Your icy white scales are hard. (AC +8)
You cannot fit into any form of body armour.
Your flesh is cold resistant. (rC+)
You are cold-blooded and may be slowed by cold attacks.


Message History

Snorg claws you but does no damage. Snorg bites you but does no damage.
Snorg misses you. Snorg barely misses you.
You closely miss Snorg. You tail-slap Snorg, but do no damage.
Snorg is almost dead.
Snorg bites you but does no damage. Snorg barely misses you.
Snorg claws you but does no damage. Snorg bites you!
* * * LOW HITPOINT WARNING * * *
Snorg claws you!
* * * LOW HITPOINT WARNING * * *
Snorg claws you but does no damage.
Okay, then.
Blink to where?
Press: ? - help, Dir - move target, p - Snorg Your icy armour will break if you move.
Continue?
Your icy armour cracks and falls away as you move.
As you read the scroll of blinking, it crumbles to dust.
Casting: Magic Dart (safe; 1% risk of failure)
Confirm with . or Enter, or press ? or * to list all spells.
Okay, then.
As you read the scroll of fog, it crumbles to dust.
The scroll dissolves into smoke.
Snorg rages.
Found a wand of roots (2).
Casting: Magic Dart (safe; 1% risk of failure)
Confirm with . or Enter, or press ? or * to list all spells.
Okay, then.
Snorg looks more energetic.
Casting: Magic Dart (safe; 1% risk of failure)
Confirm with . or Enter, or press ? or * to list all spells.
You blink.
You have got your breath back.
Casting: Blink (safe; 1% risk of failure)
Confirm with . or Enter, or press ? or * to list all spells.
You blink.
Casting: Blink (safe; 1% risk of failure)
Confirm with . or Enter, or press ? or * to list all spells.
Okay, then.
Snorg goes berserk!
Snorg bites you!!
You die...

#....§.§§§§.........##
###.....§§§§..........#
###.#.......§.§.........#
..............§...........
###...................P###
#....................##
##....................#
#..<...........T.....#
#.............@......#
#...................##
#....................#
#....................##
#######..####P########
#### ###


You could see Snorg (berserk).

Vanquished Creatures
  3 hydras (Lair:1)
  Urug (Lair:2)
  A lindwurm (Lair:3)
  A manticore (Lair:2)
  An elephant (D:8)
  5 black mambas
  6 cane toads
  An unseen horror (D:6)
  The ghost of CInkIbrahim the Skirmisher, a novice FoHu of Makhleb (D:5)
  3 rime drakes
  8 komodo dragons
  3 polar bears (Lair:4)
  A queen bee (Lair:1)
  A wind drake (Lair:2)
  Prince Ribbit (D:6)
  5 dream sheep (Lair:4)
  Sigmund (D:3)
  A shadow (D:7)
  3 wyverns
  Eustachio (D:6)
  18 yaks
  2 basilisks
  A redback (Lair:3)
  A steam dragon (D:7)
  6 water moccasins
  2 sky beasts (D:6)
  2 orc warriors (D:8)
  2 black bears (D:8)
  An ogre (D:5)
  9 wolves (Lair:4)
  A centaur (D:8)
  3 phantoms
  6 bullfrogs
  A necrophage (D:5)
  A gnoll sergeant (D:7)
  3 scorpions
  5 wights
  23 killer bees
  4 electric eels
  4 howler monkeys
  2 lava snakes (Lair:3)
  A centaur zombie (Ossuary)
  A jelly (D:5)
  2 quasits (D:5)
  Crazy Yiuf (D:3)
  4 hounds
  4 orc priests
  3 iguanas
  Natasha (thrice) (D:3)
  9 orc wizards
  A hell rat (Sewer)
  5 gnolls (D:7)
  7 adders
  A river rat (Sewer)
  2 white imps
  An ufetubus (D:5)
  2 adder zombies (Ossuary)
  7 worms
  36 orcs
  5 endoplasms
  5 giant cockroaches
  10 goblins
  10 hobgoblins
  6 jackals
  2 quokkas
  9 ball pythons
  4 bats
  4 frilled lizards
  2 hobgoblin zombies (Ossuary)
  11 kobolds
  3 kobold zombies (Ossuary)
  An orc skeleton (Ossuary)
  An orc zombie (Ossuary)
  14 rats
  A bush (Lair:1)
323 creatures vanquished.

Vanquished Creatures (others)
  19 foxfires
  55 fulminant prisms
  24 fungi
  30 plants
128 creatures vanquished.

Grand Total: 451 creatures vanquished

Notes
Turn   | Place    | Note
-------+----------+-------------------------------------------
     0 | D:1      | lesbiats the Draconian Conjurer began the quest for the
                  | Orb.
     0 | D:1      | Reached XP level 1. HP: 14/14 MP: 3/3
    11 | D:1      | Found Rafabb's Antique Weapon Boutique.
    92 | D:1      | Upgraded the game from 0.29-a0-834-g1e95ca9f62 to
                  | 0.29-a0-838-g385bb11a5b
   186 | D:1      | Found a faded altar of an unknown god.
   190 | D:1      | Got Plato's Handbook of Jinxing
   245 | D:1      | Reached XP level 2. HP: 22/22 MP: 0/5
   310 | D:1      | Learned a level 2 spell: Searing Ray
   312 | D:1      | Learned a level 1 spell: Foxfire
   314 | D:1      | Learned a level 1 spell: Slow
   521 | D:1      | Reached skill level 1 in Fighting
  1003 | D:2      | Reached XP level 3. HP: 13/28 MP: 1/6
  2045 | D:2      | Identified the +4 war axe of the Demagogue {vamp, Int+6
                  | SInv}
  2306 | D:3      | Noticed Natasha
  2653 | D:3      | Reached XP level 4. HP: 36/36 MP: 7/7
  2673 | D:3      | Learned a level 3 spell: Conjure Flame
  2716 | D:3      | Noticed Sigmund
  2729 | D:3      | Killed Sigmund
  2730 | D:3      | Reached skill level 5 in Conjurations
  2730 | D:3      | Reached XP level 5. HP: 28/44 MP: 7/9
  2910 | D:3      | Killed Natasha
  2917 | D:3      | Reached XP level 6. HP: 50/51 MP: 10/10
  3053 | D:3      | Noticed Natasha
  3056 | D:3      | Killed Natasha
  3092 | D:3      | Learned a level 3 spell: Dazzling Flash
  3095 | D:3      | Noticed Natasha
  3102 | D:3      | Killed Natasha
  3418 | D:3      | Found a runed translucent door.
  3419 | D:3      | Noticed Crazy Yiuf
  3539 | D:3      | Killed Crazy Yiuf
  3789 | D:4      | Found a sand-covered staircase.
  3796 | Ossuary  | Entered an ossuary
  3950 | Ossuary  | Noticed a wraith
  3950 | Ossuary  | Noticed a flying skull
  3957 | Ossuary  | Noticed a flying skull
  3959 | Ossuary  | Noticed a flying skull
  3985 | Ossuary  | Noticed a flying skull
  4085 | Ossuary  | Your scales start taking on an icy white colour.
  4085 | Ossuary  | Reached XP level 7. HP: 33/55 MP: 12/12
  4085 | Ossuary  | Gained mutation: Your flesh is cold resistant. (rC+) [White
                  | Draconian growth]
  4220 | Ossuary  | Noticed a wraith
  4399 | Ossuary  | Noticed a flying skull
  4404 | Ossuary  | Noticed a wraith
  4553 | D:4      | Learned a level 2 spell: Blink
  5589 | D:5      | Entered Level 5 of the Dungeon
  5595 | D:5      | Reached skill level 1 in Translocations
  5921 | D:5      | Found a sacrificial altar of Ru.
  5921 | D:5      | Found a snail-covered altar of Cheibriados.
  6166 | D:5      | Found a transporter.
  6263 | D:5      | Reached XP level 8. HP: 67/67 MP: 10/14
  6521 | D:5      | Found a transporter.
  6531 | D:5      | Noticed CInkIbrahim's ghost (novice FoHu)
  6695 | D:5      | Killed CInkIbrahim's ghost
  6696 | D:5      | Reached skill level 5 in Fighting
  6696 | D:5      | Reached skill level 1 in Axes
  6696 | D:5      | Reached skill level 1 in Fire Magic
  7441 | D:6      | Reached skill level 1 in Hexes
  7463 | D:6      | Reached skill level 5 in Spellcasting
  7596 | D:6      | Noticed Prince Ribbit
  7609 | D:6      | Killed Prince Ribbit
  7610 | D:6      | Reached XP level 9. HP: 67/74 MP: 16/16
  7625 | D:6      | Noticed an unseen horror
  7671 | D:6      | Noticed Eustachio
  7680 | D:6      | Killed Eustachio
  7700 | D:6      | Found a glowing drain.
  7716 | Sewer    | Entered a sewer
  7749 | Sewer    | Learned a level 4 spell: Iskenderun's Mystic Blast
  8124 | D:6      | Found Miosm's Magic Scroll Shoppe.
  8127 | D:6      | Bought a scroll of identify for 24 gold pieces
  8127 | D:6      | Bought a scroll of identify for 24 gold pieces
  8127 | D:6      | Bought a scroll of identify for 24 gold pieces
  8127 | D:6      | Bought a scroll of blinking for 90 gold pieces
  8158 | D:6      | Killed an unseen horror
  8282 | D:6      | Found Kuozuk's One-of-a-Kind Rings.
  8459 | D:6      | Learned a level 4 spell: Fulminant Prism
  8795 | D:7      | Learned a level 3 spell: Ozocubu's Armour
  8828 | D:7      | Found a staircase to the Ecumenical Temple.
  8836 | Temple   | Entered the Ecumenical Temple
  8880 | Temple   | Became a worshipper of Vehumet
  9579 | D:8      | Found a staircase to the Lair.
  9580 | D:8      | Noticed an elephant
  9587 | D:8      | Reached XP level 10. HP: 67/84 MP: 19/19
  9599 | D:8      | Killed an elephant
  9805 | D:8      | Found a blossoming altar of Fedhas.
  9990 | D:8      | Found Uculoune's Fire Supplies.
 10362 | D:8      | Reached skill level 5 in Dodging
 10364 | D:8      | Reached * piety under Vehumet
 10364 | D:8      | Offered knowledge of Shock by Vehumet.
 10526 | D:8      | Found a stormy altar of Qazlal.
 10856 | Lair:1   | Entered Level 1 of the Lair of Beasts
 10867 | Lair:1   | Noticed a cane toad
 10880 | Lair:1   | Killed a cane toad
 10987 | Lair:1   | Noticed an eight-headed hydra
 11000 | Lair:1   | Killed an eight-headed hydra
 11001 | Lair:1   | Reached skill level 1 in Summonings
 11563 | Lair:1   | Reached skill level 5 in Translocations
 11568 | Lair:1   | Noticed a six-headed hydra
 11580 | Lair:1   | Noticed a five-headed hydra
 11690 | Lair:1   | Reached skill level 5 in Axes
 11692 | Lair:1   | Killed a five-headed hydra
 11692 | Lair:1   | Killed a six-headed hydra
 11693 | Lair:1   | Reached XP level 11. HP: 73/93 MP: 8/23
 11698 | Lair:1   | Learned a level 4 spell: Flame Wave
 11823 | Lair:1   | Identified the +0 ring mail of Patterns {-Tele Harm rElec
                  | Will++}
 13118 | Lair:2   | Noticed Urug
 13308 | Lair:2   | Reached skill level 5 in Summonings
 13588 | Lair:2   | Offered knowledge of Scorch by Vehumet.
 13694 | Lair:2   | Found a staircase to the Shoals.
 13770 | Lair:2   | Killed Urug
 13969 | Lair:2   | Reached ** piety under Vehumet
 14870 | Lair:3   | Found a hole to the Spider Nest.
 14880 | Lair:3   | Reached XP level 12. HP: 103/103 MP: 14/25
 16281 | Lair:3   | Learned a level 5 spell: Manifold Assault
 16467 | Lair:3   | Identified the +6 dagger of Ufua {holy, rCorr}
 16711 | Lair:3   | Reached skill level 1 in Transmutations
 17219 | Lair:3   | Upgraded the game from 0.29-a0-838-g385bb11a5b to
                  | 0.29-a0-841-g116ddc6ace
 17632 | Lair:4   | Got Fimefusm's Reference Book on Frigorific Combustion
 17778 | Lair:4   | Offered knowledge of Ignite Poison by Vehumet.
 17779 | Lair:4   | Noticed Snorg
 18256 | Lair:4   | Mangled by Snorg

Illustrated notes

Levels and vault maps discovered:
D:1:      dpeg_arrival_arbitrary_c, layout_rooms, serial_shops,
          nicolae_shop_temple_entry_statues_fountains,
          shapermc_ecumenical_altar_rom_forum, minmay_fountain_box
D:2:      layout_basic
D:3:      layout_rooms, uniq_crazy_yiuf_cottage, uniq_sigmund, uniq_natasha
D:4:      layout_cave_pools, nicolae_ossuary_entry_plus,
          serial_co_window_serial, co_window_corner_a, co_window_paths_a,
          co_window_paths_b, co_window_paths_b, co_window_paths_b,
          co_window_broadway_b, co_window_unsneaky_path_a, co_window_corner_b,
          co_window_2corner, co_window_paths_c, glass_columns_b,
          glass_columns_a, glass_columns_a, glass_columns_b,
          nicolae_concentric_dashed_squares_wild
D:5:      layout_cave_pools, jmf_multi_god_temple, gammafunk_ghost_stat_death,
          grunt_decor_one_mirror
D:6:      layout_rooms, serial_shops, nicolae_shop_behind_doors,
          cheibrodos_sewer_entry_bend, nicolae_shop_unique_rings,
          uniq_prince_ribbit1, uniq_eustachio
D:7:      layout_rooms, minmay_temple_entry_glass
D:8:      layout_loops_corners, fedhas_bush_and_centaur_altar,
          kennysheep_mini_moat, david_lair_generic, nicolae_shop_fire_sale
          [nicolae_sub_dead_trees]
Temple:   bh_familiar_temple
Lair:1:   layout_hall_layers, special_room [special_room_bee],
          grunt_megastairs_5, lemuel_fruit_fields
Lair:2:   layout_gridlike, minmay_shoals_entry_beasts, grunt_megastairs_1,
          serial_bayou_shore_a, infiniplex_staircase_pool_2, uniq_urug
Lair:3:   layout_hall_layers, spider_nest_entry_rubble,
          nicolae_volcano_entry_two_sided, nicolae_lair_liquid_snakes
Lair:4:   layout_small_grid, cheibrodos_lair_lostbears, grunt_megastairs_3,
          infiniplex_staircase_pool, uniq_snorg

Skill      XL: |  1  2  3  4  5  6  7  8  9 10 11 12 |
---------------+-------------------------------------+-----
Fighting       | 1 2 3 4 5 6 7 8 9 |  9.1
Spellcasting   | 3 4 5 6 8 9 |  9.8
Conjurations   | 5 6 7 8 |  8.5
Dodging        | 2 3 4 5 6 7 |  7.0
Translocations | 2 3 5 6 |  6.6
Axes           | 2 3 5 6 |  6.9
Fire Magic     | 2 |  2.0
Hexes          | 2 |  2.1
Summonings     | 3 6 7 |  7.2
Transmutations | 3 |  3.8
Stealth        | |  1.7

Action                   |  1- 3 |  4- 6 |  7- 9 | 10-12 || total
-------------------------+-------+-------+-------+-------++-------
Melee: Unarmed           |    12 |       |       |       ||    12
       Tailslap          |     6 |     6 |    15 |    17 ||    44
       Short sword       |    18 |       |       |       ||    18
       War axe           |     3 |     8 |   101 |   111 ||   223
       Mace              |       |    36 |     1 |       ||    37
       Punch             |       |       |     3 |       ||     3
 Cast: Magic Dart        |    87 |    66 |   158 |   115 ||   426
       Searing Ray       |     1 |     3 |    14 |     9 ||    27
       Conjure Flame     |       |     2 |     4 |       ||     6
       Slow              |       |     1 |     1 |       ||     2
       Foxfire           |       |     1 |     6 |     4 ||    11
       Dazzling Flash    |       |       |     4 |     1 ||     5
       Blink             |       |       |     1 |     4 ||     5
       Iskenderun's Myst |       |       |    11 |    81 ||    92
       Fulminant Prism   |       |       |     7 |    48 ||    55
       Ozocubu's Armour  |       |       |       |    13 ||    13
       Flame Wave        |       |       |       |    12 ||    12
       Manifold Assault  |       |       |       |     1 ||     1
 Abil: Breathe Frost     |       |       |     6 |    17 ||    23
  Use: Scroll            |       |     3 |    16 |     5 ||    24
       Potion            |       |       |     5 |     9 ||    14
 Stab: Sleeping          |       |     1 |       |       ||     1
Armor: Skin              |    19 |    23 |   156 |   119 ||   317
Dodge: Dodged            |    27 |    52 |   233 |   185 ||   497

Table legend: (Time is in decaauts)
 A = Elapsed time spent in this place.
 B = Non-inter-level travel time spent in this place.
 C = Inter-level travel time spent in this place.
 D = Time resting spent in this place.
 E = Time spent auto-exploring this place.
 F = Levels seen in this place.
 G = Mean time per level.
                   A        B        C        D        E       F      G
               +--------+--------+--------+--------+--------+-----+--------+
         Total |  18347 |  16413 |   1934 |   6738 |   6741 |  15 | 1223.1 |
       Dungeon |  10040 |   8693 |   1347 |   2940 |   4111 |   8 | 1255.0 |
        Temple |    213 |    171 |     42 |      0 |    166 |   1 |  213.0 |
          Lair |   7119 |   6574 |    545 |   3290 |   2328 |   4 | 1779.8 |
         Sewer |    311 |    311 |      0 |    162 |     32 |   1 |  311.0 |
       Ossuary |    663 |    663 |      0 |    346 |    104 |   1 |  663.0 |
               +--------+--------+--------+--------+--------+-----+--------+

Top non-repeatable levels by time:
  Lair:3: 2515 daAuts
  Lair:1: 2132 daAuts
  Lair:2: 2079 daAuts
     D:8: 1738 daAuts
     D:2: 1617 daAuts
     D:5: 1380 daAuts
     D:4: 1289 daAuts
     D:3: 1287 daAuts
     D:6: 1079 daAuts
     D:1: 967 daAuts
     D:7: 679 daAuts
 Ossuary: 663 daAuts
  Lair:4: 392 daAuts
   Sewer: 311 daAuts
  Temple: 213 daAuts
